 Dungeon Crawl Stone Soup version 0.31-a0-229-g1fc7ce93e2 (webtiles) character file.

Game seed: 15859793991236709815

37 qw the Shooter (level 3, -4/21 HPs)
             Began as a Gargoyle Hexslinger on July 6, 2023.
             Slain by Sigmund
             ... wielding a +0 heavy scythe
              (17 damage)
             ... on level 2 of the Dungeon.
             The game lasted 00:00:28 (1111 turns).

qw the Shooter (Gargoyle Hexslinger)                Turns: 1111, Time: 00:00:29

Health: -4/21      AC:  8    Str: 11    XL:     3   Next: 39%
Magic:  4/4        EV: 10    Int: 13    God:
Gold:   73         SH:  0    Dex: 14    Spells: 3/4 levels left

rFire   . . .        Y - +2 sling
rCold   . . .        (no shield)
rNeg    + . .        e - +0 ring mail
rPois   inf          (no helmet)
rElec   +            (no cloak)
rCorr   .            (no gloves)
SInv    .            (no boots)
Will    .....        (no amulet)
Stlth   +            (no ring)
HPRegen 0.23/turn    (no ring)
MPRegen 0.09/turn

%: no passive effects
@: no status effects
A: sickness immunity, AC +3, negative energy resistance 1, electricity
resistance, torment resistance 1, petrification resistance
a: no special abilities


You were on level 2 of the Dungeon.
You visited 1 branch of the dungeon, and saw 2 of its levels.

You collected 73 gold pieces.


Innate Abilities, Weirdness & Mutations

You are immune to sickness and miasma.
Your stone body is resilient. (AC +3)
You are immune to poison.
You resist negative energy. (rN+)
You are resistant to electric shocks. (rElec)
You are resistant to unholy torment.
You are immune to petrification.


   Skills:
 - Level 2.0 Fighting
 + Level 3.3 Ranged Weapons
 - Level 1.5 Dodging
 - Level 1.0 Spellcasting
 - Level 2.6 Hexes


You had 3 spell levels left.
You knew the following spells:

 Your Spells              Type           Power      Damage    Failure   Level
a - Slow                  Hex            28%        N/A       22%         1

Your spell library contained the following spells:

 Spells                   Type           Power      Damage    Failure   Level
 Inner Flame              Hex/Fire       4%         N/A       75%         3
 Portal Projectile        Hex/Tloc       8%         N/A       75%         3
 Cause Fear               Hex            3%         N/A       92%         4

Inventory:

Hand Weapons
 Y - a +2 sling (weapon)
Armour
 e - a +0 ring mail (worn)
Scrolls
 a - 2 scrolls of revelation {unknown}
 b - a scroll of identify
 c - a scroll of vulnerability {unknown}
 f - a scroll of fog {unknown}
 g - a scroll of teleportation
Potions
 d - a potion of attraction {unknown}
 i - a potion of enlightenment {unknown}
 j - a potion of resistance {unknown}
 l - a potion of degeneration {unknown}

Dungeon Overview and Level Annotations

Branches:
Dungeon (2/15)

Altars:

Annotations:
D:2 Sigmund


Message History

Found a scroll labelled XANIVY FOPHE.
The hobgoblin shouts!
Sigmund the Dreaded comes into view.
He is wielding a +0 heavy scythe.
Enter note: You shoot a sling bullet.
The sling bullet closely misses the hobgoblin.
The sling bullet closely misses Sigmund.
Sigmund shouts!
You shoot a sling bullet.
The sling bullet closely misses the hobgoblin.
The sling bullet closely misses Sigmund.
You shoot a sling bullet.
The sling bullet closely misses the hobgoblin.
The sling bullet closely misses Sigmund.
You shoot a sling bullet.
The sling bullet closely misses the hobgoblin.
The sling bullet hits Sigmund.
Sigmund is lightly wounded.
Sigmund laughs darkly.
You shoot a sling bullet.
The sling bullet barely misses the hobgoblin.
The sling bullet hits Sigmund.
Sigmund is moderately wounded.
The hobgoblin misses you.
Sigmund mumbles some strange words.
Sigmund flickers and vanishes!
Deactivating autopickup; reactivate with Ctrl-A.
The hobgoblin hits you but does no damage.
You shoot a sling bullet.
The sling bullet hits the hobgoblin but does no damage.
Something hits you. The hobgoblin hits you.
You shoot a sling bullet.
The sling bullet barely misses the hobgoblin.
The hobgoblin hits you.
You shoot a sling bullet.
The sling bullet barely misses the hobgoblin.
The hobgoblin hits you but does no damage.
Something hits you!
Ouch! That really hurt!
You die...

#.#.#%# #.#.#.# #.#.#.#
###### ##.#.#(# ...?..#
##..#.#.# ...#..
##...#.#.## ....##
#..#.#.#.##
######..######.##.# #.##
?...${g@..........# #.##
#########...##.#### #.##
#......####...>:... #.##
#.####.##############...
#.# #.##...........###.
#.# #.##.#########.# #.
#.# #.##.# #.###%
##########.# #....#
#....% ...........#
###### ######


You could see a hobgoblin.

Vanquished Creatures
  A worm (D:2)
  6 endoplasms
  2 giant cockroaches (D:1)
  3 goblins
  3 hobgoblins
  3 jackals (D:2)
  A quokka (D:1)
  3 ball pythons
  3 frilled lizards
  3 kobolds (D:1)
  A rat (D:1)
29 creatures vanquished.

Notes
Turn   | Place    | Note
-------+----------+-------------------------------------------
     0 | D:1      | qw the Gargoyle Hexslinger began the quest for the Orb.
     0 | D:1      | Reached XP level 1. HP: 12/12 MP: 2/2
     0 | D:1      | 0 ||| qw: Version: 0.3-a-46-gb1f654a
     0 | D:1      | 0 ||| qw: Game counter: 1498
     0 | D:1      | 0 ||| qw: Melee chars always use a shield: true
     0 | D:1      | 0 ||| qw: God list: Okawaru
     0 | D:1      | 0 ||| qw: Allow faded altars: false
     0 | D:1      | 0 ||| qw: Do Orc after clearing Dungeon:15 true
     0 | D:1      | 0 ||| qw: Do second Lair branch before Depths: true
     0 | D:1      | 0 ||| qw: Lair rune preference: random
     0 | D:1      | 0 ||| qw: Goals: Normal
     0 | D:1      | 0 ||| PLANNING D:1-11
   313 | D:1      | Reached XP level 2. HP: 11/16 MP: 3/3
   395 | D:1      | Reached skill level 3 in Ranged Weapons
   833 | D:1      | 833 ||| UPGRADING to +0 ring mail.
   843 | D:1      | 843 ||| DROPPING +0 robe.
   844 | D:1      | 844 ||| READING scroll labelled FUONOC QATAE.
   845 | D:1      | 845 ||| READING 2 scrolls labelled LAUDDO SURA.
   850 | D:1      | 850 ||| READING scroll labelled ZIRYTRATTI.
   851 | D:1      | 851 ||| READING scroll labelled SOD ZENECEUJY.
   852 | D:1      | 852 ||| DROPPING scroll of poison.
   937 | D:2      | Reached XP level 3. HP: 21/21 MP: 4/4
  1103 | D:2      | Noticed Sigmund
  1111 | D:2      | Slain by Sigmund

Levels and vault maps discovered:
D:1:      dpeg_arrival_connections, layout_basic, minmay_misc_feat_tower,
          minmay_octomino_j4
D:2:      minmay_diamond_boxcup, layout_basic, serial_shops,
          nicolae_shop_statue_plus, nicolae_twisty_statue_hallways, uniq_sigmund

Skill      XL: |  1  2 |
---------------+-------+-----
Ranged Weapons | 3 |  3.3
Fighting       | 2 |  2.0
Dodging        | |  1.5
Spellcasting   | |  1.0
Hexes          | |  2.6

Action                     || total
---------------------------++-------
   Fire: Sling             ||   117
    Use: Scroll            ||     4
 Armour: Robe              ||    10
         Ring mail         ||     8
  Dodge: Dodged            ||    38

Table legend:
 A = Non-vault XP
 B = Vault XP
 C = Vault XP percentage of total XP
 D = Non-vault monster count
 E = Vault monster count
 F = Vault count percentage of total count
                 A         B        C        D         E       F
            +---------+---------+-------+---------+---------+-------
      Total |      49 |       4 |   7.5 |      26 |       3 |  10.3
            +---------+---------+-------+---------+---------+-------
        D:1 |      26 |       4 |  13.3 |      15 |       3 |  16.7
        D:2 |      23 |       0 |   0.0 |      11 |       0 |   0.0
            +---------+---------+-------+---------+---------+-------
